 Dungeon Crawl Stone Soup version 0.19.0-20-gbc5f0c6 (webtiles) character file.

262 tv1990 the Conjurer (level 6, -5/41 HPs)
             Began as a Formicid Conjurer on Nov 16, 2016.
             Slain by Pihi's ghost (17 damage)
             ... on level 4 of the Dungeon.
             The game lasted 00:10:16 (4065 turns).

tv1990 the Conjurer (Formicid Conjurer)             Turns: 4065, Time: 00:10:16

Health: -5/41      AC:  2    Str: 13    XL:     6   Next: 42%
Magic:  2/11       EV: 12    Int: 16    God:
Gold:   155        SH:  0    Dex: 11    Spells: 3 memorised, 4 levels left

rFire  . . .     SeeInvis +     r - +0 short sword
rCold  . . .     Gourm    .     a - +0 robe
rNeg   . . .     Faith    .     (no shield)
rPois  .         Spirit   .     (helmet unavailable)
rElec  .         Reflect  .     (no cloak)
rCorr  .         Harm     .     (no gloves)
MR     .....                    (no boots)
Stlth  ++........               (no amulet)
                                (no ring)
                                (no ring)

@: no status effects
A: permanent stasis, dig shafts and tunnels, four strong arms, antennae 3
a: Dig, Shaft Self


You were on level 4 of the Dungeon.
You were not hungry.

You visited 1 branch of the dungeon, and saw 4 of its levels.

You collected 155 gold pieces.

Inventory:

Hand Weapons
 k - a +0 dagger
 r - a +0 short sword (weapon)
Missiles
 m - 7 javelins of returning (quivered)
Armour
 a - a +0 robe (worn)
Scrolls
 d - a scroll of remove curse
 g - a scroll of recharging
 h - 2 scrolls of fog
 l - 2 scrolls of noise
Potions
 e - 4 potions of flight
 j - a potion of haste
 q - a potion of cure mutation
Books
 b - a book of Conjurations

   Spells                             Type                      Level
   a - Magic Dart                     Conjuration                  1
   b - Searing Ray                    Conjuration                  2
   c - Dazzling Spray                 Conjuration/Hexes            3
   d - Fulminant Prism                Conjuration/Hexes            4
   e - Iskenderun's Mystic Blast      Conjuration                  4
   f - Iskenderun's Battlesphere      Conjuration/Charms           5
Comestibles
 c - 5 bread rations
 i - 3 chunks of flesh
 n - a slice of pizza
 p - 2 meat rations


   Skills:
 - Level 1.7 Dodging
 - Level 2.4 Stealth
 + Level 3.6 Spellcasting
 * Level 5.5 Conjurations
 + Level 2.6 Hexes


You had 4 spell levels left.
You knew the following spells:

 Your Spells              Type           Power        Failure   Level  Hunger
a - Magic Dart            Conj           ###.         1%          1    None
b - Dazzling Spray        Conj/Hex       ###...       12%         3    ###....
c - Fulminant Prism       Conj/Hex       ###.......   34%         4    ####...


Dungeon Overview and Level Annotations

Branches:
Dungeon (4/15)
 Temple: D:4-7

Altars:
Gozag

Annotations:
D:4 Pihi's ghost, amateur HOFi


Innate Abilities, Weirdness & Mutations

You are under a permanent stasis effect.
You can dig through walls and to a lower floor.
Your four strong arms can wield two-handed weapons with a shield.
You have a pair of large antennae on your head. (SInv)


Message History

Confirm with . or Enter, or press ? or * to list all spells.
Aiming: Magic Dart
Press: ? - help, Shift-Dir - straight line, f/p - Pihi's ghost
Aim: Pihi's ghost (moderately damaged)
The magic dart hits Pihi's ghost.
Pihi's ghost is moderately damaged.
Pihi's ghost misses you.
Casting: Magic Dart
Confirm with . or Enter, or press ? or * to list all spells.
Aiming: Magic Dart
Press: ? - help, Shift-Dir - straight line, f/p - Pihi's ghost
Aim: Pihi's ghost (moderately damaged)
The magic dart hits Pihi's ghost.
Pihi's ghost is moderately damaged.
Pihi's ghost hits you!
* * * LOW HITPOINT WARNING * * *
Pihi's ghost hits you.
* * * LOW HITPOINT WARNING * * *
Pihi's ghost hits you!
You die...

,*,,,,*,,,,,,,+.......<.....#,,,,
,*,,,,*,,,,,,,#.............#,,,,
,*,,,,*,,,,,,,#.............#,,,,
,*,,,,*,,,,,,,#.............#,,,,
,*,,,,*,,,,,,,#.............#,,,,
,*,,,,*,,,,,,,#.............#,,,,
*****+*,,.,,,,#.....#########****
*,,,,,,,,..<.##.....#,,,,,,,,*,,,
*,,,,,,,,....'..@...#,,,,,,,,*,,,
*,,,,,,,,....#...W†.#,,,,,,,,*,,,
*,,,,,,,,.,,,#......#,{,{,,,,*,,,
*,,,,,,,,,,,,#......#,,{,{,,,*,,,
*,,,,,,,,,,,,#......#,,,{{,,,*,,,
*,,,,,,,,,,,,######+#,,,,,,,,****
,,,,,*****,,,,,,,,,,,,,*****,,,,,
,,,,,*,,,*,,,,,,,,,,,,,*,,,*,,,,,
,,,,,*,,,+,,,,,,,,,,,>,*,,,*,,,,,


You could see Pihi's ghost.

Vanquished Creatures
  A scorpion (D:3)
  An orc wizard (D:3)
  4 gnolls (D:3)
  4 adders
  4 worms
  3 dart slugs
  2 leopard geckos
  4 orcs (D:3)
  6 giant cockroaches
  8 goblins
  5 hobgoblins
  20 jackals
  7 kobolds
  5 bats
  A frilled lizard (D:1)
  11 rats
86 creatures vanquished.

Notes
Turn   | Place    | Note
-------+----------+-------------------------------------------
     0 | D:1      | tv1990 the Formicid Conjurer began the quest for the Orb.
     0 | D:1      | Reached XP level 1. HP: 13/13 MP: 3/3
   181 | D:1      | Reached XP level 2. HP: 19/19 MP: 1/5
   336 | D:1      | Reached skill level 4 in Conjurations
   744 | D:1      | Reached XP level 3. HP: 17/24 MP: 1/6
  1429 | D:2      | Reached XP level 4. HP: 28/30 MP: 3/8
  1476 | D:2      | Learned a level 3 spell: Dazzling Spray
  1481 | D:2      | Learned a level 4 spell: Fulminant Prism
  2623 | D:3      | Reached skill level 1 in Hexes
  2623 | D:3      | Reached XP level 5. HP: 35/35 MP: 2/9
  2719 | D:3      | Reached skill level 5 in Conjurations
  3137 | D:3      | Found an opulent altar of Gozag.
  3360 | D:3      | Reached XP level 6. HP: 30/41 MP: 0/11
  4053 | D:4      | Noticed Pihi's ghost (amateur HOFi)
  4065 | D:4      | Slain by Pihi's ghost

Skill      XL: |  1  2  3  4  5 |
---------------+----------------+-----
Conjurations   | 4 5 |  5.5
Spellcasting   | 3 |  3.6
Hexes          | 1 2 |  2.6
Dodging        | |  1.7
Stealth        | |  2.4

Action                   |  1- 3 |  4- 6 || total
-------------------------+-------+-------++-------
Melee: Unarmed           |    24 |       ||    24
       Dagger            |    23 |    32 ||    55
 Cast: Magic Dart        |    67 |   165 ||   232
       Dazzling Spray    |       |     1 ||     1
 Abil: Dig               |     1 |     2 ||     3
  Use: Scroll            |     5 |     6 ||    11
       Potion            |       |     3 ||     3
  Eat: Chunk             |     3 |     9 ||    12
Armor: Robe              |     7 |     7 ||    14
Dodge: Dodged            |    33 |    36 ||    69

Vault maps used:
D:1:      scummos_arrival_simple_fountains, minivault_19,
          minmay_strange_pillars, minmay_surrounded
D:2:      first_bread
D:3:      lemuel_doored_altar
D:4:      nemelex_xobeh_ov_fountains_minmay, okawaru_metal_pillars_1_2,
          uniq_crazy_yiuf_cottage
